 Dungeon Crawl Stone Soup version 0.23.2-33-g5129a83184 (webtiles) character file.

Game seed: 11069762179444415662

6083 diana the Carver (level 10, -8/51 HPs)
             Began as a Vine Stalker Fighter on June 27, 2019.
             Was a Believer of Makhleb.
             Mangled by a hornet (9 damage)
             ... on level 11 of the Dungeon.
             The game lasted 00:21:17 (6725 turns).

diana the Carver (Vine Stalker Fighter)             Turns: 6725, Time: 00:21:18

Health: -8/51      AC: 12    Str: 22    XL:     10   Next: 88%
Magic:  0/15       EV:  8    Int:  9    God:    Makhleb [**....]
Gold:   241        SH: 11    Dex: 13    Spells: 11/14 levels left

rFire    . . .     SeeInvis .   i - +0 scimitar
rCold    . . .     Gourm    .   c - +0 shield
rNeg     . . .     Faith    .   b - +0 scale mail
rPois    .         Spirit   +   D - +2 hat
rElec    .         Reflect  .   (no cloak)
rCorr    .         Harm     .   k - +0 pair of gloves
MR       +....                  C - +0 pair of boots
Stlth    ..........             o - amulet of the acrobat
HPRegen  0.57/turn              q - ring of wizardry
MPRegen  0.14/turn              a - ring of wizardry

@: lethally poisoned (-8 -> -8), slowed, very slow
A: fangs 3, regeneration 1, magic shield, antimagic bite, no potion heal 3, rot
immunity
a: Minor Destruction, Renounce Religion


You were on level 11 of the Dungeon.
You worshipped Makhleb.
Makhleb was pleased with you.
You were not hungry.

You visited 2 branches of the dungeon, and saw 12 of its levels.

You collected 379 gold pieces.
You spent 138 gold pieces at shops.

Inventory:

Hand Weapons
 i - a +0 scimitar (weapon)
Armour
 b - a +0 scale mail (worn)
 c - a +0 shield (worn)
 k - a +0 pair of gloves (worn)
 C - a +0 pair of boots (worn)
 D - a +2 hat (worn)
Jewellery
 a - a ring of wizardry (right hand)
 o - an amulet of the acrobat (around neck)
 q - a ring of wizardry (left hand)
Wands
 E - a wand of iceblast (6)
Scrolls
 e - a scroll of fear {unknown}
 h - 4 scrolls of enchant weapon
 l - 6 scrolls of teleportation
 m - a scroll of noise {unknown}
 r - 6 scrolls of remove curse
 t - a scroll of enchant armour {unknown}
 v - a scroll of holy word {unknown}
 x - a scroll of amnesia {unknown}
 y - a scroll of fog {unknown}
 B - 2 scrolls of identify
Potions
 d - a potion of might
 g - 2 potions of mutation
 j - 2 potions of curing
 n - a potion of magic
 p - 2 potions of ambrosia
 s - 2 potions of degeneration {unknown}
 w - a potion of cancellation {unknown}
 z - 3 potions of haste
Comestibles
 f - 16 rations


   Skills:
 - Level 5.0 Fighting
 * Level 9.6 Long Blades
 - Level 6.0 Armour
 - Level 1.0 Dodging
 + Level 7.1 Shields
 + Level 2.9 Spellcasting
 + Level 3.0 Charms
 + Level 2.8 Necromancy
 + Level 1.5 Invocations


You had 11 spell levels left.
You knew the following spells:

 Your Spells              Type           Power        Failure   Level  Hunger
a - Regeneration          Chrm/Necr      #.........   41%         3    ####...

Your spell library contained the following spells:

 Spells                   Type           Power        Failure   Level  Hunger
 Animate Skeleton         Necr           N/A          17%         1    ##.....
 Pain                     Necr           #...         17%         1    ##.....
 Vampiric Draining        Necr           #.........   41%         3    ####...
 Animate Dead             Necr           N/A          80%         4    #####..


Dungeon Overview and Level Annotations

Branches:
Dungeon (12/15)            Temple (1/1) D:6            Lair (0/6) D:8
    Orc (0/2) D:11

Altars:
Cheibriados
Dithmenos
Elyvilon
Fedhas
Gozag
Hepliaklqana
Kikubaaqudgha
Makhleb
Nemelex Xobeh
Okawaru
Qazlal
Ru
Sif Muna
Trog
Uskayaw
Vehumet
Wu Jian
Xom
Zin
The Shining One

Shops:
D:5 ?   D:6 }


Innate Abilities, Weirdness & Mutations

You have razor-sharp teeth.
Your natural rate of healing is unusually fast.
When hurt, damage is shared between your health and your magic reserves.
Your bite disrupts and absorbs the magic of your enemies.
Potions cannot restore your health.
You are immune to rotting.


Message History

You feel sick. The hornet stings you.
* * * LOW HITPOINT WARNING * * *
You feel as though you will be slow longer.
The hornet stings you.
* * * LOW HITPOINT WARNING * * *
You feel as though you will be slow longer.
You miss the hornet.
The hornet is lightly wounded.
You feel sick.
The hornet stings you but does no damage.
The hornet stings you.
* * * LOW HITPOINT WARNING * * *
You feel as though you will be slow longer.
You hit the hornet.
The hornet is moderately wounded.
You feel sick. The hornet stings you!
* * * LOW HITPOINT WARNING * * *
You feel as though you will be slow longer.
The hornet stings you!
You die...

**,,,<***,**
**,, ********?#
*,,, *..# ****
*####.#* *
###.....##
##........#*
#.>........***
##..........,,**
#@y.........,,,*
#......)....,,,*
#..^......(.,,,*
*
#...........,,**
*
##..........,,*
**
###...)....***
*, ***..$######*
**, *,,.#..**
*,, ******,,**
*,,


You could see a hornet.

Vanquished Creatures
  A death yak (D:7)
  3 slime creatures (D:9)
  2 hippogriffs (D:7)
  A hungry ghost (D:9)
  Duvessa (D:5)
  A water moccasin (D:9)
  4 porcupines
  An orc warrior (D:5)
  A sky beast (D:5)
  2 black bears
  2 necrophages
  4 ogres
  2 centaurs
  A crocodile (D:8)
  3 bullfrogs
  2 gnoll sergeants
  Dowan (D:5)
  6 scorpions
  8 wights
  2 howler monkeys
  4 crimson imps
  3 bullfrog zombies
  2 quasits
  4 orc priests
  4 hounds
  2 bullfrog skeletons
  2 centaur skeletons
  5 iguanas
  6 orc wizards
  4 worker ants
  3 hell rats (D:8)
  A killer bee zombie (D:9)
  A hound skeleton (D:7)
  26 gnolls
  2 howler monkey skeletons
  7 adders
  2 oozes
  An adder zombie (D:5)
  4 worms
  5 leopard geckos
  35 orcs
  11 bats
  4 giant cockroaches
  6 goblins
  4 hobgoblins
  15 jackals
  7 kobolds
  6 quokkas
  A ball python zombie (D:5)
  3 frilled lizards
  A giant cockroach zombie (D:6)
  A jackal zombie (D:6)
  A leopard gecko skeleton (D:5)
  A leopard gecko zombie (D:6)
  A quokka skeleton (D:8)
  6 rats
239 creatures vanquished.

Notes
Turn   | Place    | Note
-------+----------+-------------------------------------------
     0 | D:1      | diana the Vine Stalker Fighter began the quest for the Orb.
     0 | D:1      | Reached XP level 1. HP: 11/11 MP: 2/2
    41 | D:1      | Reached skill level 2 in Long Blades
   115 | D:1      | Reached XP level 2. HP: 12/16 MP: 3/3
   392 | D:1      | Reached XP level 3. HP: 13/19 MP: 4/4
   823 | D:2      | Reached skill level 1 in Dodging
   823 | D:2      | Gained mutation: Your natural rate of healing is unusually
                  | fast. [Vine Stalker growth]
   823 | D:2      | Reached XP level 4. HP: 24/24 MP: 5/5
   840 | D:2      | Found a faded altar of an unknown god.
  1169 | D:3      | Found an ancient bone altar of Kikubaaqudgha.
  1355 | D:3      | Reached skill level 3 in Long Blades
  1448 | D:3      | Reached XP level 5. HP: 28/28 MP: 6/6
  2143 | D:4      | Reached XP level 6. HP: 23/32 MP: 3/7
  2362 | D:4      | Reached skill level 4 in Long Blades
  2650 | D:4      | Reached XP level 7. HP: 37/37 MP: 8/8
  2770 | D:5      | Entered Level 5 of the Dungeon
  2775 | D:5      | Found Axiotast's Magic Scroll Emporium.
  2786 | D:5      | Bought a scroll of identify for 24 gold pieces
  2786 | D:5      | Bought a scroll of teleportation for 36 gold pieces
  2786 | D:5      | Bought a scroll of magic mapping for 42 gold pieces
  2786 | D:5      | Bought a scroll of remove curse for 36 gold pieces
  2956 | D:5      | Reached skill level 5 in Long Blades
  2998 | D:5      | Gained mutation: You have razor-sharp teeth. [Vine Stalker
                  | growth]
  2998 | D:5      | Reached XP level 8. HP: 36/42 MP: 9/9
  3118 | D:5      | Noticed Duvessa
  3119 | D:5      | Noticed Dowan
  3135 | D:5      | Killed Duvessa
  3149 | D:5      | Killed Dowan
  3273 | D:5      | Reached skill level 6 in Long Blades
  3414 | D:5      | Learned a level 3 spell: Regeneration
  3647 | D:5      | Reached skill level 5 in Shields
  3721 | D:6      | Reached skill level 5 in Fighting
  3774 | D:6      | Found a sparkling altar of Nemelex Xobeh.
  3867 | D:6      | Found a staircase to the Ecumenical Temple.
  3877 | Temple   | Entered the Ecumenical Temple
  3947 | Temple   | Became a worshipper of Makhleb the Destroyer
  3962 | D:6      | Reached XP level 9. HP: 47/47 MP: 10/10
  3969 | D:6      | Found Colih's Gadget Emporium.
  4078 | D:6      | Reached skill level 7 in Long Blades
  4078 | D:6      | Reached skill level 5 in Armour
  4631 | D:7      | Reached * piety under Makhleb
  4794 | D:7      | Reached skill level 8 in Long Blades
  4850 | D:7      | Found an iron altar of Okawaru.
  5053 | D:8      | Noticed a death yak
  5053 | D:8      | Noticed a death yak
  5096 | D:7      | Reached XP level 10. HP: 12/51 MP: 3/11
  5323 | D:8      | Reached skill level 1 in Spellcasting
  5329 | D:8      | Reached skill level 1 in Necromancy
  5331 | D:8      | Reached skill level 1 in Charms
  5364 | D:8      | Reached ** piety under Makhleb
  5414 | D:8      | Found a blossoming altar of Fedhas.
  5488 | D:8      | Noticed a death yak
  5617 | D:7      | HP: 2/51 [death yak (13)]
  5765 | D:7      | Killed a death yak
  5765 | D:7      | Reached skill level 9 in Long Blades
  5824 | D:8      | Found a staircase to the Lair.
  5882 | D:8      | Found an opulent altar of Gozag.
  5900 | D:8      | Found a sacrificial altar of Ru.
  6449 | D:9      | Reached skill level 1 in Invocations
  6626 | D:9      | You fall through a shaft for 3 floors!
  6684 | D:12     | Noticed a white ugly thing
  6687 | D:12     | Noticed a seven-headed hydra
  6725 | D:11     | HP: 1/51 [hornet (6)]
  6725 | D:11     | Mangled by a hornet

Skill      XL: |  1  2  3  4  5  6  7  8  9 10 |
---------------+-------------------------------+-----
Long Blades    | 2 3 4 5 6 8 9 |  9.6
Shields        | 3 4 5 6 7 |  7.1
Fighting       | 3 4 5 |  5.0
Dodging        | 1 |  1.0
Armour         | 3 4 5 6 |  6.0
Spellcasting   | 2 |  2.9
Necromancy     | 2 |  2.8
Charms         | 3 |  3.0
Invocations    | 1 |  1.5

Action                   |  1- 3 |  4- 6 |  7- 9 | 10-12 || total
-------------------------+-------+-------+-------+-------++-------
Melee: Long sword        |    96 |   167 |   227 |       ||   490
       Bite              |    29 |    43 |   153 |    71 ||   296
       Scimitar          |       |       |   202 |   199 ||   401
Invok: Minor Destruction |       |       |       |     1 ||     1
Evoke: Wand              |       |       |       |     1 ||     1
  Use: Scroll            |       |       |     7 |     6 ||    13
       Potion            |       |       |       |     2 ||     2
  Eat: Chunk             |       |     6 |     9 |     6 ||    21
Armor: Scale mail        |    68 |    57 |   153 |    58 ||   336
Dodge: Dodged            |    47 |    53 |   140 |    70 ||   310
Block: Shield            |    60 |    87 |   216 |   118 ||   481
       Rpst.: Long sword |    17 |    18 |    18 |       ||    53
       Scimitar          |       |       |    23 |    19 ||    42
